 Dungeon Crawl Stone Soup version 0.29-a0-25-g7f48f510a0 (webtiles) character file.

Game seed: 4389663848757865371

57827 enile the Fighter (level 15, -5/117 HPs)
             Began as a Djinni Hedge Wizard on Jan 31, 2022.
             Was the Champion of Zin.
             Killed by an exploding ball lightning (13 damage)
             ... in an ice cave on Feb 1, 2022.
             The game lasted 01:33:42 (20820 turns).

enile the Fighter (Djinni Hedge Wizard)            Turns: 20820, Time: 01:33:42

Health: -5/117     AC: 12    Str:  9    XL:     15   Next: 27%
Gold:   1906       EV: 14    Int: 19    God:    Zin [******] SH: 10 Dex: 14

rFire   + + .      SeeInvis .   D - +9 flail (protect)
rCold   x . .      Faith    .   K - +0 buckler
rNeg    . . .      Spirit   .   T - +0 troll leather armour
rPois   ∞          Reflect  +   S - +0 hat of the Untouchables {Regen+}
rElec   .          Harm     .   X - +2 cloak {rCorr}
rCorr   +          Rampage  .   (no gloves)
Will    +....                   (boots unavailable)
Stlth   +++.......              v - amulet of Fora {Reflect Regen+ rCorr Int-3 SH+5}
HPRegen 2.69/turn               L - ring of wizardry
MPRegen 0.00/turn               W - +4 ring of protection

@: flying
A: sickness immunity, fire resistance 2, cold vulnerability 1, float, innate
caster, HP casting, extra vitality 1
a: Renounce Religion, Recite, Vitalisation, Imprison, Sanctuary, Donate Gold


You were in an ice cave.
You worshipped Zin.
Zin was exalted by your worship.
You visited 2 branches of the dungeon, and saw 17 of its levels.
You also visited: Ossuary, Bailey, Ice Cave and Volcano.

You collected 2098 gold pieces.
You donated 192 gold pieces to Zin.

Inventory:

Hand Weapons
 b - a +2 halberd of flaming
 c - a +2 glaive of flaming
 x - the +6 rapier "Naycall" {elec, Drain Fly rElec SInv}
   (You found it on level 4 of the Dungeon)

   It occasionally discharges a powerful burst of electricity upon striking a
   foe.
   rElec:     It insulates you from electricity.
   SInv:      It lets you see invisible.
   Fly:       It grants you flight.
   Drain:     It drains your maximum health when unequipped.
 D - a +9 flail of protection (weapon)
Missiles
 H - 5 silver javelins
Armour
 m - +0 steam dragon scales
 A - a +2 leather armour of cold resistance
 E - a +1 leather armour of fire resistance
 K - a +0 buckler (worn)
 O - a +1 cloak of preservation
 R - the +0 scale mail of the Miller {rF- rCorr Str+3 Dex+2}
   (You took it off a salamander in a volcano)

   Str:       It affects your strength (+3).
   Dex:       It affects your dexterity (+2).
   rF:        It makes you vulnerable to fire.
   rCorr:     It protects you from acid and corrosion.
 S - the +0 hat of the Untouchables (worn) {Regen+}
   (You acquired it on level 9 of the Dungeon)

   Regen:     It increases your rate of health regeneration.
 T - a +0 troll leather armour (worn)
 X - a +2 cloak of preservation (worn)
 Z - a +0 hat of intelligence
Magical Staves
 j - a staff of fire
Jewellery
 l - a ring of protection from fire
 r - a +6 ring of strength
 v - the amulet of Fora (around neck) {Reflect Regen+ rCorr Int-3 SH+5}
   (You found it on level 4 of the Dungeon)

   [amulet of reflection]

   It reflects blocked missile attacks.
   Int:       It affects your intelligence (-3).
   Regen:     It increases your rate of health regeneration.
   rCorr:     It protects you from acid and corrosion.
   SH:        It affects your SH (+5).
 w - a +6 ring of dexterity
 G - a ring of positive energy
 L - a ring of wizardry (left hand)
 W - a +4 ring of protection (right hand)
Wands
 n - a wand of iceblast (8)
 I - a wand of flame (40)
 M - a wand of digging (3)
 N - a wand of mindburst (6)
 P - a wand of acid (7)
 Y - a wand of paralysis (2)
Scrolls
 d - 4 scrolls of amnesia
 g - 2 scrolls of enchant weapon
 h - 8 scrolls of vulnerability
 i - 4 scrolls of immolation
 k - a scroll of silence (quivered)
 q - 3 scrolls of noise
 y - 2 scrolls of fog
 C - 3 scrolls of magic mapping
 Q - 2 scrolls of blinking
Potions
 e - a potion of cancellation
 f - a potion of lignification
 o - 8 potions of curing
 p - 3 potions of ambrosia
 s - 3 potions of attraction
 t - 4 potions of might
 u - 3 potions of heal wounds
 z - a potion of mutation {unknown}
 B - 3 potions of haste
 F - 3 potions of brilliance
 J - a potion of berserk rage {unknown}
 U - a potion of invisibility {unknown}
 V - a potion of resistance


   Skills:
 - Level 14.0 Fighting
 - Level 6.0 Short Blades
 - Level 4.0 Maces & Flails
 - Level 2.0 Throwing
 - Level 6.0 Armour
 - Level 8.0 Dodging
 - Level 6.0 Stealth
 - Level 4.0 Shields
 + Level 11.7 Spellcasting
 - Level 7.0 Evocations


You had 2 spell levels left.
You knew the following spells:

 Your Spells              Type           Power      Damage    Failure   Level
a - Magic Dart            Conj           100%       1d8       1%          1
b - Blink                 Tloc           100%       N/A       1%          2
c - Call Imp              Summ           53%        N/A       1%          2
d - Slow                  Hex            100%       N/A       1%          1
e - Conjure Flame         Conj/Fire      53%        6-21      1%          3
f - Mephitic Cloud        Conj/Pois/Air  53%        N/A       1%          3
g - Summon Small Mammal   Summ           100%       N/A       1%          1
h - Scorch                Fire           100%       2d10      1%          2
i - Poisonous Vapours     Pois/Air       100%       N/A       1%          2
j - Summon Guardian Gole  Hex/Summ       53%        N/A       1%          3
k - Fulminant Prism       Conj/Hex       26%        3d14      1%          4
l - Manifold Assault      Tloc           53%        N/A       1%          5
m - Conjure Ball Lightni  Conj/Air       26%        3x3d7     6%          6
Your spell library was empty.

Dungeon Overview and Level Annotations

Branches:
Dungeon (11/15)            Temple (0/1) D:4            Lair (6/6) D:9
 Shoals (0/4) Lair:4        Snake (0/4) Lair:4        Slime (0/5) Lair:5
    Orc (0/2) D:10        Ossuary (visited)          Bailey (visited)
  IceCv (1/1)             Volcano (visited)

Altars:
Ashenzari
Cheibriados
Gozag
Ru
Yredelemnul
Zin

Annotations:
Lair:1 2 transporters, knot's ghost, journeyman DsBe IceCv exclusion: ice statue


Innate Abilities, Weirdness & Mutations

You are immune to sickness and miasma.
You are immune to poison.
Your flesh is very heat resistant. (rF++)
You are vulnerable to cold. (rC-)
You float through the air rather than walking.
You learn spells naturally, not from books.
Your magical power is your life essence.
You have superior vitality. (+4 MHP)


Message History

The ice statue is moderately damaged.
The blast of lightning engulfs you!
Casting: Conjure Ball Lightning (dangerous; 6% risk of failure)
Confirm with . or Enter, or press ? or * to list all spells.
You create some ball lightning!
A ball lightning comes into view.
Your ball lightning explodes!
The blast of lightning engulfs your ball lightning.
Your ball lightning completely resists.
The blast of lightning engulfs you!
The blast of lightning engulfs your ball lightning.
Your ball lightning completely resists.
The blast of lightning engulfs your ball lightning.
Your ball lightning completely resists.
The blast of lightning engulfs the ice statue.
The ice statue resists.
The ice statue is moderately damaged.
Your ball lightning explodes!
The blast of lightning engulfs your ball lightning.
Your ball lightning completely resists.
The blast of lightning engulfs the ice statue.
The ice statue resists.
The ice statue is moderately damaged.
The blast of lightning engulfs you. The ice statue gestures at you.
The bolt of cold hits you!!!
You feel a terrible chill!
* * * LOW HITPOINT WARNING * * *
You swap places.
Your ball lightning explodes!
The blast of lightning engulfs your ball lightning.
Your ball lightning completely resists.
You swap places.
Your ball lightning explodes!
The blast of lightning engulfs your ball lightning.
Your ball lightning completely resists.
The blast of lightning engulfs you!
* * * LOW HITPOINT WARNING * * *
Your ball lightning explodes!
The blast of lightning engulfs you!
You die...

##... #..8
#.* #.# #.#
#.## #..##
##..# ##@##
#..# ##.#
##..#
##..##
#...# #...#
#.#.#
#..###...†#
#..#≈##≈#..


There were no monsters in sight!

Vanquished Creatures
  Gastronok (D:9)
  A frost giant (IceCv)
  A red draconian (Volcano)
  Erolcha (D:9)
  A boulder beetle (Lair:5)
  10 hydras
  A two-headed ogre (D:10)
  10 death yaks
  A salamander mystic (Volcano)
  5 salamanders (Volcano)
  A manticore (Lair:4)
  10 elephants
  4 black mambas
  A torpor snail (Lair:5)
  Maurice (D:8)
  8 cane toads
  8 komodo dragons
  2 rime drakes
  A wind drake (Lair:4)
  3 trolls
  12 polar bears (IceCv)
  A meliai zombie (D:10)
  26 blink frogs
  A shadow (D:9)
  2 wraiths
  2 wyverns
  2 basilisks
  36 yaks
  3 vampire mosquitoes
  2 steam dragons
  A warg (D:10)
  Duvessa (D:5)
  Edmund (D:5)
  24 water moccasins
  8 orc warriors
  2 black bears
  18 wolves (IceCv)
  4 ogres
  7 centaurs
  A phantom (D:5)
  4 elf zombies (Ossuary)
  3 kobold brigands
  12 bullfrogs
  2 gnoll sergeants
  3 scorpions
  A water moccasin zombie (D:5)
  Dowan (D:5)
  5 wights
  2 killer bees (D:9)
  A howler monkey (D:8)
  A lava snake (D:7)
  6 centaur zombies
  2 jellies
  A gnoll shaman (D:7)
  9 orc priests
  Crazy Yiuf (D:6)
  6 hounds
  3 iguanas
  Natasha (thrice) (D:3)
  4 hell rats (Lair:5)
  10 orc wizards
  A hound skeleton (D:4)
  2 mummies (Ossuary)
  15 gnolls
  9 adders
  A shadow imp (D:8)
  A white imp (D:6)
  2 ufetubi
  An adder zombie (Ossuary)
  A worm (D:3)
  A dart slug (D:2)
  36 orcs
  3 ball pythons
  6 bats
  4 endoplasms
  4 giant cockroaches
  4 goblins
  7 hobgoblins
  4 jackals (D:2)
  20 kobolds
  3 quokkas
  10 frilled lizards
  A goblin zombie (Ossuary)
  9 hobgoblin zombies (Ossuary)
  2 jackal zombies (Ossuary)
  11 kobold zombies (Ossuary)
  5 orc zombies (Ossuary)
  7 rats
  2 rat zombies (Ossuary)
  10 fulminant prisms
487 creatures vanquished.

Vanquished Creatures (collateral kills)
  A wyvern (D:7)
  A wight (D:6)
  An adder (D:3)
  2 orcs
  An endoplasm (D:3)
  A hobgoblin (D:2)
  A jackal (D:2)
  A quokka (D:2)
  A bat (D:3)
  A kobold (D:3)
  A ball lightning (IceCv)
12 creatures vanquished.

Vanquished Creatures (others)
  2 hydras (D:9)
  2 death yaks
  6 yaks
  A wolf (IceCv)
  A phantom (D:7)
  A gnoll sergeant (D:7)
  A scorpion (D:6)
  A killer bee (D:9)
  A gnoll (D:7)
  An orc (D:6)
  43 ball lightnings (IceCv)
  71 fulminant prisms
  83 fungi
  150 plants
364 creatures vanquished.

Grand Total: 863 creatures vanquished

Notes
Turn   | Place    | Note
-------+----------+-------------------------------------------
     0 | D:1      | enile the Djinni Hedge Wizard began the quest for the Orb.
     0 | D:1      | Reached XP level 1. HP: 15/15 MP: 0/0
   221 | D:1      | Reached XP level 2. HP: 12/21 MP: 0/0
   663 | D:1      | Reached skill level 1 in Fighting
  1026 | D:1      | Reached XP level 3. HP: 13/27 MP: 0/0
  1026 | D:1      | Learned a level 1 spell: Summon Small Mammal
  1360 | D:1      | Found a faded altar of an unknown god.
  1415 | D:1      | Prayed at the altar of an unknown god.
  1415 | D:1      | Became a worshipper of Zin the Law-Giver
  1415 | D:1      | Reached * piety under Zin
  1911 | D:2      | Reached skill level 2 in Fighting
  2703 | D:2      | Reached XP level 4. HP: 30/33 MP: 0/0
  4176 | D:3      | Found a basalt altar of Yredelemnul.
  4201 | D:3      | Was placed under penance by Zin
  4205 | D:3      | Reached skill level 3 in Fighting
  4206 | D:3      | Reached XP level 5. HP: 10/40 MP: 0/0
  4206 | D:3      | Learned a level 2 spell: Scorch
  4207 | D:3      | Noticed Natasha
  4217 | D:3      | Killed Natasha
  4845 | D:3      | Noticed Natasha
  4854 | D:3      | Killed Natasha
  4855 | D:3      | Reached skill level 4 in Fighting
  4962 | D:3      | Noticed Natasha
  4968 | D:3      | Killed Natasha
  4969 | D:3      | Reached XP level 6. HP: 38/47 MP: 0/0
  5528 | D:4      | Was forgiven by Zin
  5645 | D:4      | Identified the amulet of Fora {Reflect Regen+ rCorr Int-3
                  | SH+5}
  5669 | D:4      | Found a staircase to the Ecumenical Temple.
  5748 | D:4      | Noticed an ogre
  5754 | D:4      | Killed an ogre
  5755 | D:4      | Reached XP level 7. HP: 47/53 MP: 0/0
  5755 | D:4      | Learned a level 2 spell: Poisonous Vapours
  5958 | D:4      | Found a sacrificial altar of Ru.
  6086 | D:4      | Reached skill level 5 in Fighting
  6213 | D:4      | Identified the +6 rapier "Naycall" {elec, Drain Fly rElec
                  | SInv}
  6230 | D:5      | Entered Level 5 of the Dungeon
  6331 | D:5      | Noticed Dowan
  6335 | D:5      | Noticed Duvessa
  6387 | D:5      | Killed Dowan
  6390 | D:5      | Killed Duvessa
  6509 | D:5      | Reached skill level 5 in Spellcasting
  6509 | D:5      | Reached skill level 1 in Short Blades
  6592 | D:5      | Reached XP level 8. HP: 59/59 MP: 0/0
  6595 | D:5      | Noticed Edmund
  6610 | D:5      | Reached skill level 6 in Fighting
  6617 | D:5      | Killed Edmund
  6978 | D:5      | Reached ** piety under Zin
  7061 | D:5      | Reached XP level 9. HP: 43/66 MP: 0/0
  7061 | D:5      | Learned a level 3 spell: Summon Guardian Golem
  7621 | D:6      | Reached skill level 7 in Fighting
  7896 | D:6      | Found a runed translucent door.
  7897 | D:6      | Noticed Crazy Yiuf
  8176 | D:6      | Killed Crazy Yiuf
  8176 | D:6      | Reached *** piety under Zin
  8310 | D:7      | Identified a scroll of acquirement
  8315 | D:7      | Acquired 971 gold pieces
  8316 | D:7      | Reached **** piety under Zin
  8398 | D:7      | Reached XP level 10. HP: 61/75 MP: 0/0
  8547 | D:7      | Identified the +9 hand axe "Engaduog" {vorpal, rN+ Str+4}
  8762 | D:7      | Reached skill level 8 in Fighting
  8804 | D:7      | Reached skill level 5 in Short Blades
  9283 | D:8      | Found a sand-covered staircase.
  9298 | Ossuary  | Entered an ossuary
  9311 | Ossuary  | Reached ***** piety under Zin
 10329 | D:9      | Reached skill level 9 in Fighting
 10415 | D:9      | Noticed Gastronok
 10458 | D:9      | Noticed a komodo dragon
 10463 | D:9      | Noticed Maurice
 10466 | D:9      | Found a staircase to the Lair.
 10505 | D:9      | Killed a komodo dragon
 10519 | D:9      | Zin protects you from harm!
 10562 | D:9      | Found a flagged portal.
 10569 | Bailey   | Entered a bailey
 10599 | Bailey   | Noticed an orc warlord
 10612 | Bailey   | Reached XP level 11. HP: 80/84 MP: 0/0
 10612 | Bailey   | Learned a level 4 spell: Fulminant Prism
 10703 | Bailey   | Found a runed translucent gate.
 10705 | Bailey   | Found a runed translucent gate.
 10709 | Bailey   | Found a runed translucent gate.
 11106 | D:9      | Was placed under penance by Zin
 11230 | D:8      | Reached skill level 10 in Fighting
 11244 | D:8      | Killed Maurice
 11245 | D:8      | Reached skill level 5 in Dodging
 11407 | D:9      | Noticed Erolcha
 11420 | D:9      | Killed Erolcha
 11420 | D:9      | Was forgiven by Zin
 12005 | D:9      | Killed Gastronok
 12055 | Lair:1   | Entered Level 1 of the Lair of Beasts
 12098 | Lair:1   | Noticed knot's ghost (journeyman DsBe)
 12121 | Lair:1   | Found a transporter.
 12204 | Lair:1   | Found a transporter.
 12292 | Lair:1   | Reached skill level 1 in Evocations
 12302 | Lair:1   | Noticed a death yak
 12351 | Lair:1   | Noticed a death yak
 12351 | Lair:1   | Noticed a death yak
 12352 | Lair:1   | Noticed a death yak
 12363 | Lair:1   | Noticed a seven-headed hydra
 12469 | D:9      | Acquired the +0 hat of the Untouchables {Regen+}
 12521 | D:10     | Entered Level 10 of the Dungeon
 12526 | D:10     | Noticed a two-headed ogre
 12543 | D:10     | Killed a two-headed ogre
 12544 | D:10     | Reached XP level 12. HP: 66/92 MP: 0/0
 12677 | D:10     | Found an opulent altar of Gozag.
 12732 | D:10     | Reached skill level 5 in Evocations
 12768 | D:10     | Reached ****** piety under Zin
 12808 | D:10     | Found a staircase to the Orcish Mines.
 12808 | D:10     | Found a snail-covered altar of Cheibriados.
 13126 | D:11     | Noticed a skeletal warrior
 13127 | D:11     | Reached skill level 11 in Fighting
 13127 | D:11     | Noticed a skeletal warrior
 13194 | D:11     | Noticed a skeletal warrior
 13410 | D:9      | Killed a seven-headed hydra
 13515 | D:9      | Killed a death yak
 13535 | D:9      | Killed a death yak
 13604 | D:9      | Killed a death yak
 13624 | Lair:1   | Noticed a five-headed hydra
 13731 | D:9      | Killed a five-headed hydra
 14202 | Lair:1   | Killed a death yak
 14203 | Lair:1   | Reached skill level 12 in Fighting
 14307 | Lair:2   | Noticed a four-headed hydra
 14322 | Lair:1   | Reached XP level 13. HP: 101/101 MP: 0/0
 14322 | Lair:1   | Learned a level 5 spell: Manifold Assault
 14341 | Lair:1   | Reached skill level 5 in Stealth
 14379 | Lair:1   | Killed a four-headed hydra
 14475 | Lair:2   | Found a broken altar of Ashenzari.
 14572 | Lair:2   | Noticed a six-headed hydra
 14577 | Lair:2   | Was placed under penance by Zin
 14587 | Lair:2   | Killed a six-headed hydra
 14588 | Lair:2   | Reached skill level 10 in Spellcasting
 14740 | Lair:2   | Noticed a seven-headed hydra
 14813 | Lair:2   | Killed a seven-headed hydra
 15450 | Lair:3   | Noticed a seven-headed hydra
 15466 | Lair:3   | Found a snail-covered altar of Cheibriados.
 15728 | Lair:3   | Killed a seven-headed hydra
 15813 | Lair:3   | Found a dark tunnel.
 15819 | Volcano  | Entered a volcano
 15836 | Volcano  | Noticed a red draconian
 15865 | Volcano  | Killed a red draconian
 15866 | Volcano  | Reached skill level 13 in Fighting
 16030 | Volcano  | Identified the +0 scale mail of the Miller {rF- rCorr Str+3
                  | Dex+2}
 16044 | Volcano  | Was forgiven by Zin
 16120 | Volcano  | Reached skill level 1 in Throwing
 16931 | Lair:4   | Noticed a five-headed hydra
 16941 | Lair:4   | Killed a five-headed hydra
 16974 | Lair:4   | Noticed a six-headed hydra
 16986 | Lair:4   | Killed a six-headed hydra
 17093 | Lair:4   | Reached XP level 14. HP: 84/110 MP: 0/0
 17158 | Lair:4   | Reached skill level 14 in Fighting
 17262 | Lair:4   | Found a staircase to the Shoals.
 17273 | Lair:4   | Reached skill level 1 in Maces & Flails
 17451 | Lair:4   | Reached skill level 5 in Armour
 17532 | Lair:4   | Acquired a +4 ring of protection
 17565 | Lair:4   | Found a staircase to the Snake Pit.
 18880 | Lair:5   | Found a runed translucent door.
 19179 | Lair:5   | Found a staircase to the Slime Pits.
 19520 | Lair:6   | Entered Level 6 of the Lair of Beasts
 19660 | Lair:6   | Found a frozen archway.
 20069 | IceCv    | Entered an ice cave
 20299 | IceCv    | Reached XP level 15. HP: 105/117 MP: 0/0
 20299 | IceCv    | Learned a level 6 spell: Conjure Ball Lightning
 20383 | IceCv    | Reached skill level 1 in Shields
 20608 | IceCv    | Noticed a frost giant
 20724 | IceCv    | Zin protects you from harm!
 20739 | IceCv    | Killed a frost giant
 20819 | IceCv    | HP: 5/117 [spore (15)]
 20820 | IceCv    | Killed by an exploding ball lightning

Illustrated notes

Levels and vault maps discovered:
D:1:      lemuel_arrival_tunnels, layout_loops_corners, basic_ecumenical_altar,
          minmay_lizard_king
D:2:      layout_loops_ring, minmay_between
D:3:      layout_basic, lemuel_round_altar, minivault_23, minmay_circle_x,
          uniq_natasha
D:4:      layout_basic, nicolae_ru_awakened_eye, temple_statues,
          serial_bayou_pond_e
D:5:      layout_basic, grunt_decor_fettered, minmay_fractal_squares_5,
          uniq_duvessa, uniq_edmund
D:6:      layout_rooms, kennysheep_doodads, uniq_crazy_yiuf_cottage
D:7:      layout_rooms, minmay_misc_feat_four_crosses, st_stairs_3,
          kennysheep_generic_room_16
D:8:      layout_cave_pods, nicolae_ossuary_entry_false_entrances
D:9:      layout_long_grid, due_lair_maze_entry_diamond, enter_bailey_2,
          uniq_gastronok, uniq_erolcha, uniq_maurice
D:10:     layout_big_octagon, cheibriados_altar_1, nicolae_gozag_seed_capital,
          david_orc_3, serial_glass, glass_columns_a, glass_columns_b
D:11:     layout_rooms
Lair:1:   layout_chaotic_city, gammafunk_ghost_arena
Lair:2:   layout_cave_pods, basic_altar, grunt_forest_small_clearing_treed,
          grunt_megastairs_4
Lair:3:   layout_roguey, nicolae_volcano_entry_hallway, lemuel_centaur_altar,
          infiniplex_staircase_pool_2
Lair:4:   layout_layer_cave, minmay_shoals_entry_beasts,
          minmay_snake_entry_six_corridors, lemuel_old_faithful
Lair:5:   layout_cave_pods, slime_dummy, pf_torpor_hydra, serial_bayou_shore_a
Lair:6:   minmay_lair_end_frog_pond, layout_small_grid,
          portal_ice_cave_entry_pillars_2, basic_altar, st_stairs_4,
          minmay_lair_oklob_bushes
IceCv:    ice_cave_caverns_02

Skill      XL: |  1  2  3  4  5  6  7  8  9 10 11 12 13 14 15 |
---------------+----------------------------------------------+-----
Fighting       | 1 2 3 4 5 6 7 9 10 12 13 14 | 14.0
Spellcasting   | 3 4 5 7 9 10 11 | 11.7
Dodging        | 3 4 6 7 8 |  8.0
Short Blades   | 1 2 4 5 6 |  6.0
Armour         | 2 3 4 6 |  6.0
Stealth        | 4 5 6 |  6.0
Evocations     | 4 7 |  7.0
Throwing       | 2 |  2.0
Maces & Flails | 4 |  4.0
Shields        | 4 |  4.0

Action                   |  1- 3 |  4- 6 |  7- 9 | 10-12 | 13-15 || total
-------------------------+-------+-------+-------+-------+-------++-------
Melee: Staff             |    36 |    80 |     4 |       |       ||   120
       Punch             |       |     1 |       |     7 |     9 ||    17
       Rapier            |       |       |    72 |   301 |   125 ||   498
       Flail             |       |       |       |       |   618 ||   618
Throw: Javelin           |       |       |       |       |     2 ||     2
 Cast: Magic Dart        |    70 |    40 |    64 |   176 |   103 ||   453
       Summon Small Mamm |     6 |    19 |    18 |     9 |     2 ||    54
       Mephitic Cloud    |     3 |     4 |    18 |    37 |    30 ||    92
       Scorch            |       |    26 |    63 |   130 |   150 ||   369
       Slow              |       |     1 |       |     3 |     2 ||     6
       Poisonous Vapours |       |       |    35 |    47 |    23 ||   105
       Summon Guardian G |       |       |     6 |    21 |    16 ||    43
       Fulminant Prism   |       |       |       |    55 |    26 ||    81
       Blink             |       |       |       |     3 |     2 ||     5
       Conjure Flame     |       |       |       |     7 |       ||     7
       Manifold Assault  |       |       |       |       |   117 ||   117
       Conjure Ball Ligh |       |       |       |       |    22 ||    22
Invok: Imprison          |       |       |       |     1 |       ||     1
Evoke: Wand              |       |       |     1 |       |     9 ||    10
  Use: Potion            |       |     2 |       |     1 |     9 ||    12
       Scroll            |       |       |     7 |    10 |    14 ||    31
 Stab: Confused          |     1 |     2 |     3 |     4 |     3 ||    13
       Sleeping          |       |     2 |       |     1 |     1 ||     4
       Paralysed         |       |       |       |       |     1 ||     1
Armor: Robe              |    13 |    30 |       |       |       ||    43
       Leather armour    |       |       |    21 |     5 |     3 ||    29
       Steam dragon scal |       |       |       |   169 |       ||   169
       Troll leather arm |       |       |       |    26 |   406 ||   432
       Skin              |       |       |       |       |     6 ||     6
Dodge: Dodged            |    25 |    70 |    52 |   456 |   881 ||  1484
Block: Other             |       |       |    25 |   153 |   216 ||   394
       Reflection        |       |       |     5 |     6 |     3 ||    14
       Buckler           |       |       |       |       |   138 ||   138

Table legend: (Time is in decaauts)
 A = Elapsed time spent in this place.
 B = Non-inter-level travel time spent in this place.
 C = Inter-level travel time spent in this place.
 D = Time resting spent in this place.
 E = Time spent auto-exploring this place.
 F = Levels seen in this place.
 G = Mean time per level.
                   A        B        C        D        E       F      G
               +--------+--------+--------+--------+--------+-----+--------+
         Total |  20998 |  20136 |    862 |   1687 |  12040 |  21 |  999.9 |
       Dungeon |  12617 |  11937 |    680 |   1259 |   7826 |  11 | 1147.0 |
          Lair |   6344 |   6162 |    182 |    377 |   3506 |   6 | 1057.3 |
       Ossuary |    335 |    335 |      0 |      0 |    101 |   1 |  335.0 |
        Bailey |    442 |    442 |      0 |      0 |    140 |   1 |  442.0 |
      Ice Cave |    764 |    764 |      0 |     23 |    281 |   1 |  764.0 |
       Volcano |    494 |    494 |      0 |     28 |    186 |   1 |  494.0 |
               +--------+--------+--------+--------+--------+-----+--------+

Top non-repeatable levels by time:
     D:2: 2019 daAuts
     D:9: 1804 daAuts
     D:1: 1678 daAuts
  Lair:4: 1560 daAuts
     D:3: 1500 daAuts
  Lair:5: 1499 daAuts
     D:5: 1351 daAuts
     D:8: 1062 daAuts
     D:4: 1058 daAuts
  Lair:1: 1053 daAuts
  Lair:3: 1035 daAuts
  Lair:2: 1013 daAuts
   IceCv: 764 daAuts
     D:7: 708 daAuts
    D:10: 670 daAuts
